 Dungeon Crawl Stone Soup version 0.19.1 (webtiles) character file.

35869 ChaseSP the Fencer (level 14, -4/110 HPs)
             Began as a Formicid Fighter on Nov 30, 2016.
             Was a High Priest of Okawaru.
             Slain by a blink frog (16 damage)
             ... on level 6 of the Lair of Beasts.
             The game lasted 00:36:15 (18564 turns).

ChaseSP the Fencer (Formicid Fighter)              Turns: 18564, Time: 00:36:15

Health: -4/110     AC: 16    Str: 22    XL:     14   Next: 20%
Magic:  17/17      EV: 10    Int:  9    God:    Okawaru [*****.]
Gold:   771        SH: 17    Dex: 13    Spells: 0 memorised, 13 levels left

rFire  . . .     SeeInvis +     B - +4 great sword
rCold  + . .     Gourm    .     c - +1 chain mail {rC+}
rNeg   . . .     Faith    .     T - +0 large shield
rPois  .         Spirit   .     (helmet unavailable)
rElec  .         Reflect  .     D - +1 cloak
rCorr  .         Harm     +     y - +1 pair of gloves
MR     +....                    (no boots)
Stlth  ..........               z - amulet of harm
                                Y - ring of flight
                                h - ring of stealth

@: no status effects
A: permanent stasis, dig shafts and tunnels, four strong arms, antennae 3,
repulsion field 1
a: Dig, Shaft Self, Heroism, Finesse, Renounce Religion, Evoke Flight


You were on level 6 of the Lair of Beasts.
You worshipped Okawaru.
Okawaru was extremely pleased with you.
You were not hungry.

You visited 3 branches of the dungeon, and saw 17 of its levels.

You collected 816 gold pieces.
You spent 45 gold pieces at shops.

Inventory:

Hand Weapons
 A - a +2 triple crossbow of velocity
 B - a +4 great sword (weapon)
 Z - the +8 flail of Nontos {drain, rF+}
   (You found it on level 10 of the Dungeon)

   A truly terrible weapon, it drains the life of those it strikes.
   It protects you from fire.
Missiles
 i - 157 bolts
Armour
 c - a +1 chain mail of cold resistance (worn)
 y - a +1 pair of gloves (worn)
 D - a +1 cloak (worn)
 G - the +2 ring mail "Imedyufu" {rCorr}
   (You found it on level 5 of the Dungeon)

   It protects you from acid and corrosion.
 J - a +0 plate armour
 T - a +0 large shield (worn)
Jewellery
 b - an uncursed amulet of faith
 h - a ring of stealth (left hand)
 z - an amulet of harm (around neck)
 H - a +4 amulet of reflection
 Y - a ring of flight (right hand)
Wands
 l - a wand of iceblast (6/15)
 m - a wand of enslavement (6/24)
 o - a wand of iceblast (6/15)
 q - a wand of slowing (24/48)
 v - a wand of enslavement (24/24)
 x - a wand of iceblast (10/15)
 L - a wand of disintegration (11/24)
 N - a wand of flame (26/48)
 W - a wand of lightning (9/15)
 X - a wand of hasting (3/9)
Scrolls
 e - 3 scrolls of remove curse
 g - 2 scrolls of enchant armour
 j - 3 scrolls of recharging
 k - 2 scrolls of amnesia
 s - a scroll of summoning
 O - a scroll of magic mapping
 Q - 2 scrolls of identify
 U - 3 scrolls of brand weapon {unknown}
Potions
 a - 3 potions of agility
 d - a potion of might
 n - 3 potions of flight
 p - a potion of ambrosia
 r - a potion of heal wounds
 t - a potion of invisibility
 u - 3 potions of curing
 C - 3 potions of lignification
 F - a potion of cancellation
 K - a potion of resistance
Miscellaneous
 S - a lamp of fire
Comestibles
 f - 6 bread rations
 w - 3 chunks of flesh
 E - 8 meat rations
 P - 10 fruits
 R - 7 slices of pizza


   Skills:
 + Level 10.1 Fighting
 * Level 16.6 Long Blades
 - Level 5.7 Crossbows
 + Level 7.3 Armour
 + Level 4.6 Dodging
 - Level 9.0 Shields
 + Level 4.3 Invocations


You had 13 spell levels left.
You didn't know any spells.

Dungeon Overview and Level Annotations

Branches:
Dungeon (10/15)            Temple (1/1) D:5            Lair (6/6) D:8
  Swamp (0/4) Lair:4       Spider (0/4) Lair:4        Slime (0/5) Lair:6
    Orc: D:9-12

Altars:
Ashenzari
Dithmenos
Elyvilon
Hepliaklqana
Kikubaaqudgha
Makhleb
Nemelex Xobeh
Okawaru
Qazlal
Ru
Sif Muna
Trog
Uskayaw
Vehumet
Xom
The Shining One

Shops:
D:6 !   D:7 (   D:8 [   D:10 }


Innate Abilities, Weirdness & Mutations

You are under a permanent stasis effect.
You can dig through walls and to a lower floor.
Your four strong arms can wield two-handed weapons with a shield.
You have a pair of large antennae on your head. (SInv)
You are surrounded by a mild repulsion field. (EV +2)


Message History

The komodo dragon closely misses you.
The blink frog blinks!
You barely miss the komodo dragon.
The komodo dragon is lightly wounded.
You block the komodo dragon's attack.
Unknown command.
The komodo dragon bites you!
* * * LOW HITPOINT WARNING * * *
The blink frog blinks! x2
You barely miss the komodo dragon.
The komodo dragon is lightly wounded.
The komodo dragon bites you!
* * * LOW HITPOINT WARNING * * *
You hit the komodo dragon.
The komodo dragon is lightly wounded.
The komodo dragon bites you!!
* * * LOW HITPOINT WARNING * * *
You completely miss the komodo dragon.
The komodo dragon is lightly wounded.
You block the komodo dragon's attack. The blink frog hits you!
You die...

......P......#.........
.........................
.........................
..........#..............
...........#.#...........
........##.##............
.........##.#............
.......F................#
.......F@...♣♣♣♣♣♣♣......
........l...♣ .....
............♣
....#.#.....♣
.....###....♣ .....
....... .... #P.......
... .......... ..........


You could see a komodo dragon and 2 blink frogs.

Vanquished Creatures
  4 hydras
  A hill giant (D:10)
  A wolf spider (Lair:4)
  11 spiny frogs
  2 black mambas
  2 rime drakes
  4 komodo dragons
  A jumping spider (Lair:4)
  A hornet (D:9)
  12 blink frogs
  9 dream sheep
  4 hippogriffs
  Sigmund (D:6)
  3 redbacks (Lair:4)
  29 yaks
  A wraith (D:10)
  5 basilisks
  A steam dragon (Lair:4)
  6 water moccasins
  12 porcupines
  2 ice beasts
  3 orc warriors (D:7)
  2 phantoms
  3 sky beasts
  A hornet zombie (D:7)
  3 ogres
  6 centaurs
  7 crocodiles
  15 bullfrogs
  3 big kobolds (D:9)
  A water moccasin zombie (D:5)
  A gnoll sergeant (D:7)
  4 scorpions
  4 killer bees (D:8)
  8 wights
  7 electric eels (D:8)
  A howler monkey (D:5)
  4 crimson imps
  A bullfrog zombie (D:8)
  3 quasits
  A centaur zombie (D:6)
  2 jellies (Lair:6)
  3 orc priests
  3 hounds
  A gnoll shaman (D:9)
  Crazy Yiuf (D:7)
  2 iguanas
  7 orc wizards
  13 worker ants
  A hound zombie (D:6)
  2 worker ant zombies
  11 gnolls
  12 adders
  4 oozes
  2 adder skeletons
  A worm (D:4)
  A dart slug (D:1)
  5 leopard geckos
  24 orcs
  A ball python (D:3)
  9 bats
  4 giant cockroaches
  10 goblins
  5 hobgoblins
  11 jackals
  7 kobolds
  7 quokkas
  5 frilled lizards
  A leopard gecko skeleton (D:5)
  A quokka skeleton (D:5)
  5 rats
351 creatures vanquished.

Vanquished Creatures (others)
  A spiny frog (D:8)
  An orc wizard (D:7)
  A bush (Lair:4)
  10 fungi
  9 plants
22 creatures vanquished.

Grand Total: 373 creatures vanquished

Notes
Turn   | Place    | Note
-------+----------+-------------------------------------------
     0 | D:1      | ChaseSP the Formicid Fighter began the quest for the Orb.
     0 | D:1      | Reached XP level 1. HP: 18/18 MP: 1/1
   258 | D:1      | Reached XP level 2. HP: 24/24 MP: 2/2
   408 | D:1      | Reached skill level 3 in Long Blades
   532 | D:1      | Reached XP level 3. HP: 22/29 MP: 3/3
  1522 | D:2      | Reached XP level 4. HP: 32/35 MP: 4/4
  1722 | D:3      | Reached skill level 4 in Long Blades
  2111 | D:3      | Reached XP level 5. HP: 41/41 MP: 5/5
  2339 | D:4      | Reached skill level 5 in Long Blades
  2742 | D:4      | Noticed a hand axe
  2743 | D:4      | Noticed a hand axe
  2745 | D:4      | Reached XP level 6. HP: 47/47 MP: 6/6
  2753 | D:4      | Found a hide-covered altar of Uskayaw.
  2780 | D:4      | Found a radiant altar of Vehumet.
  3080 | D:5      | Entered Level 5 of the Dungeon
  3165 | D:5      | Found a shattered altar of Ashenzari.
  3233 | D:5      | Got a jewelled ring mail
  3244 | D:5      | Identified the +2 ring mail "Imedyufu" {rCorr} (You found it on level 5 of the Dungeon)
  3320 | D:5      | Noticed a phantom
  3344 | D:5      | Killed a phantom
  3344 | D:5      | Reached skill level 6 in Long Blades
  3587 | D:5      | Reached XP level 7. HP: 38/52 MP: 7/7
  3717 | D:5      | Reached skill level 7 in Long Blades
  3752 | D:5      | Found a staircase to the Ecumenical Temple.
  3771 | Temple   | Entered the Ecumenical Temple
  3802 | Temple   | Became a worshipper of Warmaster Okawaru
  4227 | D:5      | Reached skill level 8 in Long Blades
  4308 | D:5      | Reached XP level 8. HP: 47/58 MP: 8/8
  4940 | D:5      | Reached skill level 9 in Long Blades
  5066 | D:6      | Noticed Sigmund
  5073 | D:6      | Killed Sigmund
  5073 | D:6      | Reached * piety under Okawaru
  5404 | D:6      | Found Asaf's Distillery.
  5407 | D:6      | Bought a potion of mutation for 32 gold pieces
  5407 | D:6      | Bought a potion of degeneration for 13 gold pieces
  5407 | D:6      | Gained mutation: You are weak. (Str -2) [potion of mutation]
  5407 | D:6      | Gained mutation: You are surrounded by a mild repulsion field. (EV +2) [potion of mutation]
  5407 | D:6      | Gained mutation: You passively map a small area around you. [potion of mutation]
  5445 | D:6      | Reached skill level 5 in Shields
  5445 | D:6      | Reached XP level 9. HP: 66/66 MP: 9/9
  5652 | D:7      | Reached skill level 10 in Long Blades
  5680 | D:7      | Reached skill level 5 in Fighting
  5725 | D:7      | Found Vaboqysch's Weapon Shoppe.
  5762 | D:7      | Reached ** piety under Okawaru
  6140 | D:7      | Found a runed door.
  6144 | D:7      | Noticed Crazy Yiuf
  6151 | D:7      | Killed Crazy Yiuf
  6362 | D:7      | Reached *** piety under Okawaru
  6371 | D:7      | Reached skill level 11 in Long Blades
  6439 | D:7      | Reached XP level 10. HP: 44/76 MP: 10/10
  7058 | D:8      | Noticed a spiny frog
  7059 | D:8      | Noticed a spiny frog
  7059 | D:8      | Noticed a spiny frog
  7084 | D:8      | Killed a spiny frog
  7088 | D:8      | Killed a spiny frog
  7096 | D:8      | Reached skill level 12 in Long Blades
  7242 | D:8      | Found a staircase to the Lair.
  7257 | D:8      | Reached **** piety under Okawaru
  7323 | D:8      | Found Untaune's Armour Shop.
  7759 | D:8      | Gained mutation: Your spells are a little harder to cast, but a little more powerful. [mutagenic meat]
  7760 | D:8      | Lost mutation: You passively map a small area around you. [mutagenic meat]
  7761 | D:8      | Gained mutation: Your natural rate of healing is unusually fast. [mutagenic meat]
  7762 | D:8      | Gained mutation: Your body sometimes deteriorates upon taking damage. [mutagenic meat]
  8044 | D:8      | Lost mutation: Your natural rate of healing is unusually fast. [potion of cure mutation]
  8044 | D:8      | Lost mutation: Your body sometimes deteriorates upon taking damage. [potion of cure mutation]
  8044 | D:8      | Lost mutation: Your spells are a little harder to cast, but a little more powerful. [potion of cure mutation]
  8044 | D:8      | Lost mutation: You are weak. (Str -2) [potion of cure mutation]
  8399 | D:8      | Found a bloodstained altar of Trog.
  8449 | D:8      | Found a white marble altar of Elyvilon.
  8449 | D:8      | Found a hazy altar of Hepliaklqana.
  8450 | D:8      | Found a burning altar of Makhleb.
  9628 | D:9      | Reached ***** piety under Okawaru
  9636 | D:9      | Reached XP level 11. HP: 25/81 MP: 8/11
  9641 | D:9      | Reached skill level 13 in Long Blades
  9967 | D:9      | Noticed a three-headed hydra
  9982 | D:9      | Killed a three-headed hydra
 10517 | D:9      | Found an ancient bone altar of Kikubaaqudgha.
 10724 | D:9      | Reached skill level 14 in Long Blades
 10963 | D:10     | Entered Level 10 of the Dungeon
 11272 | D:10     | Found Palucronk's Gadget Emporium.
 11373 | D:10     | Reached skill level 1 in Dodging
 11401 | D:10     | Got a blackened flail
 11402 | D:10     | Identified the +8 flail of Nontos {drain, rF+} (You found it on level 10 of the Dungeon)
 11462 | D:10     | Noticed a hill giant
 11471 | D:10     | Killed a hill giant
 11471 | D:10     | Reached ****** piety under Okawaru
 11700 | Lair:1   | Entered Level 1 of the Lair of Beasts
 11910 | Lair:1   | Reached skill level 1 in Crossbows
 12092 | Lair:1   | Received a gift from Okawaru
 12697 | Lair:2   | Noticed a five-headed hydra
 12711 | Lair:2   | Killed a five-headed hydra
 12957 | Lair:2   | Reached skill level 5 in Armour
 12957 | Lair:2   | Reached XP level 12. HP: 91/91 MP: 12/12
 13140 | Lair:2   | Reached skill level 15 in Long Blades
 13140 | Lair:2   | Reached skill level 5 in Crossbows
 13140 | Lair:2   | Reached XP level 13. HP: 93/99 MP: 13/13
 14582 | Lair:3   | Reached skill level 1 in Invocations
 15366 | Lair:4   | Found a staircase to the Swamp.
 15369 | Lair:4   | Noticed a five-headed hydra
 15392 | Lair:4   | Killed a six-headed hydra
 15392 | Lair:4   | Reached skill level 16 in Long Blades
 16227 | Lair:4   | Found a hole to the Spider Nest.
 16242 | Lair:4   | Received a gift from Okawaru
 16361 | Lair:4   | Noticed a seven-headed hydra
 16381 | Lair:4   | Killed an eight-headed hydra
 17880 | Lair:6   | Entered Level 6 of the Lair of Beasts
 17892 | Lair:5   | Reached XP level 14. HP: 99/109 MP: 16/16
 18119 | Lair:5   | Reached skill level 10 in Fighting
 18509 | Lair:6   | Found a staircase to the Slime Pits.
 18564 | Lair:6   | Slain by a blink frog

Skill      XL: |  1  2  3  4  5  6  7  8  9 10 11 12 13 14 |
---------------+-------------------------------------------+-----
Long Blades    | 3 4 5 6 8 9 11 12 14 15 16 | 16.6
Shields        | 5 6 9 |  9.0
Fighting       | 4 6 7 8 9 10 | 10.1
Dodging        | 1 4 |  4.6
Armour         | 5 6 7 |  7.3
Crossbows      | 2 5 |  5.7
Invocations    | 3 4 |  4.3

Action                   |  1- 3 |  4- 6 |  7- 9 | 10-12 | 13-15 || total
-------------------------+-------+-------+-------+-------+-------++-------
Melee: Long sword        |   103 |   166 |   256 |       |       ||   525
       Scimitar          |       |       |   207 |   215 |       ||   422
       Great sword       |       |       |       |   231 |   358 ||   589
       Flail             |       |       |       |    19 |    18 ||    37
 Fire: Arbalest          |       |       |       |     3 |       ||     3
Invok: Heroism           |       |       |       |     6 |     2 ||     8
       Finesse           |       |       |       |       |     1 ||     1
 Abil: Dig               |       |     2 |     3 |     5 |     4 ||    14
Evoke: Wand              |       |       |       |     8 |       ||     8
  Use: Scroll            |       |       |     6 |    17 |    10 ||    33
       Potion            |       |       |     2 |     6 |     1 ||     9
  Eat: Chunk             |     1 |     8 |    10 |    25 |    16 ||    60
       Fruit             |       |       |       |     1 |     2 ||     3
       Beef jerky        |       |       |       |     1 |       ||     1
Armor: Scale mail        |    42 |    59 |    82 |       |       ||   183
       Plate armour      |       |       |   104 |   149 |       ||   253
       Chain mail        |       |       |       |    21 |   130 ||   151
Dodge: Dodged            |    20 |    59 |   100 |   132 |    98 ||   409
Block: Shield            |    50 |    86 |   228 |   211 |       ||   575
       Reflection        |       |       |     1 |       |       ||     1
       Large shield      |       |       |       |    61 |   295 ||   356
       Rpst.: Long sword |     4 |    17 |    15 |       |       ||    36
       Scimitar          |       |       |    14 |    11 |       ||    25
       Great sword       |       |       |       |    17 |    23 ||    40
